 Dungeon Crawl Stone Soup version 0.17-a0-1650-gce8475a (webtiles) character file.

98 LilCorpsy the Poker (level 4, -1/33 HPs)
             Began as a Merfolk Gladiator on Aug 13, 2015.
             Slain by a crocodile (2 damage)
             ... in a sewer.
             The game lasted 00:03:15 (1992 turns).

LilCorpsy the Poker (Merfolk Gladiator)             Turns: 1992, Time: 00:03:15

Health: -1/33      AC:  5    Str: 15    XL:     4   Next: 71%
Magic:  4/4        EV: 15    Int:  7    God:
Gold:   116        SH:  0    Dex: 15    Spells: 0 memorised, 3 levels left

rFire  . . .     SeeInvis .     a - +0 trident
rCold  . . .     Clarity  .     b - +0 leather armour
rNeg   . . .     SustAt   .     (no shield)
rPois  .         Gourm    .     c - +0 helmet
rElec  .         Spirit   .     (no cloak)
rCorr  .         Warding  .     n - +0 pair of gloves
rMut   .         Stasis   .     (no boots)
MR     .....                    (no amulet)
Stlth  +.........               (no ring)
                                (no ring)

@: hasted, very quick, not resistant to hostile enchantments, very unstealthy
A: change form in water, swift swim
a: no special abilities


You were in a sewer.
You were not hungry.

You visited 1 branch of the dungeon, and saw 3 of its levels.
You also visited: Sewer.

You collected 116 gold pieces.

Inventory:

Hand weapons
 a - a +0 trident (weapon)
Missiles
 d - 3 throwing nets (quivered)
Armour
 b - a +0 leather armour (worn)
 c - a +0 helmet (worn)
 n - a +0 pair of gloves (worn)
Scrolls
 f - a scroll of identify {unknown}
 i - a scroll of teleportation {unknown}
 l - a scroll of enchant weapon {unknown}
 m - 2 scrolls of remove curse {unknown}
 p - a scroll of enchant armour {unknown}
 q - a scroll of magic mapping {unknown}
Potions
 g - a potion of haste
 h - a potion of heal wounds {unknown}
 k - 3 potions of curing {unknown}
 o - 2 potions of flight {unknown}
Comestibles
 e - a bread ration
 j - 5 fruits


   Skills:
 - Level 2.1 Fighting
 * Level 6.2 Polearms
 - Level 2.0 Throwing
 * Level 5.7 Dodging


You had 3 spell levels left.
You didn't know any spells.

Dungeon Overview and Level Annotations

Branches:
Dungeon (3/15)

Altars:
Xom
Zin


Message History

The crocodile barely misses you.
You closely miss the crocodile.
The crocodile is severely wounded.
The crocodile misses you.
You barely miss the crocodile.
The crocodile is severely wounded.
The crocodile bites you!
You barely miss the crocodile.
The crocodile is severely wounded.
The crocodile bites you but does no damage.
You hit the crocodile.
The crocodile is severely wounded.
The crocodile barely misses you.
You closely miss the crocodile.
The crocodile is severely wounded.
The crocodile bites you!
* * * LOW HITPOINT WARNING * * *
You are too injured to fight recklessly!
It was a potion of haste.
You feel yourself speed up. The crocodile bites you.
You die...

#.# ####### #.#
##.....## #.#
#...≈...## #.#
...≈≈≈...#######.#
∩††≈≈≈≈..........#
...≈≈≈...#######.#
#...≈...## #.#
##.....## #@#
####### #t# ...
..... .......
#.......#
#.......#
#..$[$..#


You could see a crocodile.

Vanquished Creatures
  4 adders
  A worm (D:2)
  3 giant geckos
  9 bats
  7 giant cockroaches
  6 hobgoblins
  5 kobolds
  5 giant newts
  3 goblins
  2 jackals (D:2)
  8 rats
53 creatures vanquished.

Notes
Turn   | Place    | Note
--------------------------------------------------------------
     0 | D:1      | LilCorpsy the Merfolk Gladiator began the quest for the Orb.
     0 | D:1      | Reached XP level 1. HP: 16/16 MP: 1/1
   223 | D:1      | Reached XP level 2. HP: 22/22 MP: 2/2
   584 | D:2      | Reached skill level 5 in Polearms
   599 | D:2      | Reached XP level 3. HP: 17/27 MP: 3/3
  1099 | D:2      | Found a glowing silver altar of Zin.
  1137 | D:2      | Reached skill level 5 in Dodging
  1327 | D:2      | Reached XP level 4. HP: 33/33 MP: 4/4
  1483 | D:2      | Found a shimmering altar of Xom.
  1827 | D:3      | Reached skill level 6 in Polearms
  1898 | D:3      | Found a glowing drain.
  1909 | Sewer    | Entered a sewer
  1976 | Sewer    | Noticed a crocodile
  1991 | Sewer    | HP: 1/33 [crocodile (12)]
  1992 | Sewer    | Slain by a crocodile

Vault maps used:
D:1:      lemuel_arrival_hallway
D:2:      lemuel_doored_altar, xom_teletrap_fun
D:3:      nicolae_ru_path_of_blood, gup_sewer_entry_pipe,
          uniq_crazy_yiuf_cottage
Sewer:    sewer_big_baddie

Action                   |  1- 3 |  4- 6 || total
-------------------------+-------+-------++-------
Melee: Trident           |   104 |    82 ||   186
  Use: Potion            |       |     1 ||     1
 Stab: Sleeping          |     2 |     2 ||     4
  Eat: Meat ration       |       |     1 ||     1
